 Dungeon Crawl Stone Soup version 0.21.0 (webtiles) character file.

11 tidbits the Sneak (level 2, -1/11 HPs)
             Began as a Felid Air Elementalist on Jan 7, 2018.
             Killed from afar by an orc wizard (8 damage)
             ... with a magic dart
             ... on level 3 of the Dungeon.
             The game lasted 00:02:04 (323 turns).

tidbits the Sneak (Felid Air Elementalist)           Turns: 323, Time: 00:02:05

Health: -1/11      AC:  1    Str:  4    XL:     2   Next: 13%
Magic:  6/6        EV: 18    Int: 16    God:
Gold:   44         SH:  0    Dex: 16    Spells: 4/5 levels left
                                        Lives:  0   Deaths: 0

rFire    . . .     SeeInvis +     - Unarmed
rCold    . . .     Gourm    .   (shield unavailable)
rNeg     . . .     Faith    .   (armour unavailable)
rPois    .         Spirit   .   (helmet unavailable)
rElec    .         Reflect  .   (cloak unavailable)
rCorr    .         Harm     .   (gloves unavailable)
MR       .....                  (boots unavailable)
Stlth    +++.......             (no amulet)
HPRegen  0.03/turn              (no ring)
MPRegen  0.10/turn              (no ring)

@: quick
A: very small, no armour, no weapons or thrown items, stealth, claws 1, fangs 3,
see invisible, carnivore, speed 1, shaggy fur 1, slow metabolism 1, sharp paws
a: no special abilities


You were on level 3 of the Dungeon.
You were completely stuffed.

You visited 1 branch of the dungeon, and saw 3 of its levels.

You collected 44 gold pieces.

Inventory:

Scrolls
 c - a scroll of random uselessness {unknown}
 d - a scroll of fog {unknown}
 e - a scroll of enchant weapon {unknown}
Books
 a - a book of Air

   Spells                             Type                      Level
   a - Shock                          Conjuration/Air              1
   b - Swiftness                      Charms/Air                   2
   c - Static Discharge               Conjuration/Air              3
   d - Airstrike                      Air                          4
   e - Lightning Bolt                 Conjuration/Air              5
Comestibles
 b - a ration


   Skills:
 - Level 2.6 Dodging
 + Level 3.4 Stealth
 + Level 1.2 Unarmed Combat
 - Level 2.0 Spellcasting
 - Level 0.8 Conjurations
 - Level 2.6 Air Magic


You had 4 spell levels left.
You knew the following spells:

 Your Spells              Type           Power        Failure   Level  Hunger
a - Shock                 Conj/Air       #...         10%         1    #......


Dungeon Overview and Level Annotations

Branches:
Dungeon (3/15)

Altars:


Innate Abilities, Weirdness & Mutations

You cannot wear armour.
You are incapable of wielding weapons or throwing items.
Your paws allow you to move quietly. (Stealth)
You have sharp claws.
You have razor-sharp teeth.
You have supernaturally acute eyesight. (SInv)
You are carnivorous and can eat meat at any time.
You cover ground quickly.
You are covered in fur. (AC +1)
You have a slow metabolism.
Your sharp claws are effective at attacking unaware monsters.


Message History

Found a dagger.
You now have 37 gold pieces (gained 14).
You open the door.
An adder comes into view.
There is an open door here.
There is an open door here.
You close the door.
There is a stone staircase leading down here.
You climb downwards.
A rat and an orc come into view.
Found a stone staircase leading down.
There is a stone staircase leading up here.
The helpless rat fails to defend itself.
You scratch the rat.
You kill the rat!
An orc and an orc wizard come into view.
The orc wizard shouts!
The orc shouts!
There is a stone staircase leading down here.
You see here a rat corpse.
You scratch the orc.
The orc is moderately wounded.
The orc hits you but does no damage.
The orc wizard gestures wildly while chanting.
The orc wizard blinks!
There is a stone staircase leading up here.
The orc closely misses you. The orc misses you.
You climb upwards.
There is a stone staircase leading down here.
The orc barely misses you. The orc misses you.
Casting: Shock
Confirm with . or Enter, or press ? or * to list all spells.
Aiming: Shock
Press: ? - help, Shift-Dir - straight line The zap hits the orc.
The orc is moderately wounded.
The zap hits the orc.
The orc is severely wounded.
Casting: Shock
Confirm with . or Enter, or press ? or * to list all spells.
Aiming: Shock
Press: ? - help, Shift-Dir - straight line The zap hits the orc.
You kill the orc!
Your Unarmed Combat skill increases to level 1!
The zap hits the orc.
The orc is heavily wounded.
The zap hits the orc.
The orc is almost dead.
Casting: Shock
Confirm with . or Enter, or press ? or * to list all spells.
Aiming: Shock
Press: ? - help, Shift-Dir - straight line The zap hits the orc.
You kill the orc!
You have reached level 2!
Items here: ) [ †† a ring mail; a dagger; an orc corpse x2
Butcher an orc corpse? [(y)es/(c)hoosy/(n)o/(a)ll/(e)dible/(q)uit/?]
You butcher the orc corpse. x2
d - 2 chunks of flesh;
d - 6 chunks of flesh (gained 4)
Things that are here:
a ring mail; a dagger Unknown command.
Eat one of 6 chunks of flesh? (ye/n/q)
You eat one of the 6 chunks of flesh.
This raw flesh tastes great.
Eat one of 5 chunks of flesh? (ye/n/q)
You eat one of the 5 chunks of flesh.
This raw flesh tastes great.
Eat one of 4 chunks of flesh? (ye/n/q)
You eat one of the 4 chunks of flesh.
This raw flesh tastes great.
Eat one of 3 chunks of flesh? (ye/n/q)
You eat one of the 3 chunks of flesh.
This raw flesh tastes great.
Eat one of 2 chunks of flesh? (ye/n/q)
You eat one of the 2 chunks of flesh.
This raw flesh tastes great.
Eat a chunk of flesh? (ye/n/q)
You eat the chunk of flesh.
This raw flesh tastes great.
You're too full to eat anything.
Found a scroll labeled HEARYWAVUU.
Found 7 gold pieces.
d - a scroll labeled HEARYWAVUU You now have 44 gold pieces (gained 7).
A bat comes into view.
A quokka comes into view.
The helpless quokka fails to defend itself.
You claw the quokka!
You kill the quokka!
An adder comes into view.
Found a scroll labeled LYP FAGIMPUAMI.
e - a scroll labeled LYP FAGIMPUAMI
Found a stone staircase leading down.
Found 17 sling bullets.
There is a stone staircase leading down here.
You climb downwards. 2 goblins, 4 orcs and an orc wizard come into view.
The orc shouts! x2; The goblin shouts!
The orc shouts!
The orc hits you with a flail. The goblin barely misses you.
The orc wizard casts a spell at you. The magic dart hits you!
Ouch! That really hurt!
You die...

#####
##⌠o⌠##
#.o@o.#
#..oog..#
#...###..?#
#⌠.⌠# #g.⌠#
##+# #+##


You could see an orc wizard, 4 orcs and 2 goblins.

Vanquished Creatures
  A leopard gecko (D:2)
  2 orcs (D:2)
  A quokka (D:2)
  3 bats (D:1)
  A rat (D:3)
8 creatures vanquished.

Notes
Turn   | Place    | Note
-------+----------+-------------------------------------------
     0 | D:1      | tidbits the Felid Air Elementalist began the quest for the Orb.
     0 | D:1      | Reached XP level 1. HP: 7/7 MP: 4/4
   150 | D:2      | Reached skill level 3 in Stealth
   223 | D:3      | Noticed an orc wizard
   241 | D:2      | Reached skill level 1 in Unarmed Combat
   242 | D:2      | Reached XP level 2. HP: 11/11 MP: 1/6
   323 | D:3      | Killed from afar by an orc wizard

Skill      XL: |  1 |
---------------+----+-----
Stealth        | 3 |  3.4
Unarmed Combat | 1 |  1.2
Dodging        | |  2.6
Spellcasting   | |  2.0
Conjurations   | |  0.8
Air Magic      | |  2.6

Action                   || total
-------------------------++-------
Melee: Unarmed           ||     7
 Cast: Shock             ||     3
 Stab: Sleeping          ||     6
  Eat: Chunk             ||     6
Armor: Skin              ||     1
Dodge: Dodged            ||     5

Table legend:
 A = Turns spent in this place as a percentage of turns spent in the entire game.
 B = Non-inter-level travel turns spent in this place as a percentage of non-inter-level travel turns spent in the entire game.
 C = Inter-level travel turns spent in this place as a percentage of turns spent in this place.
 D = Turns resting spent in this place as a percentage of non-inter-level travel turns spent in this place.
 E = Turns spent auto-exploring this place as a percentage of non-inter-level travel turns spent in this place.
 F = Non-inter-level travel turns spent in this place divided by the number of levels of this place that you've seen.
                   A       B       C       D       E      F
               +-------+-------+-------+-------+-------+----------------------
         Total | 100.0 | 100.0 |   0.0 |   0.0 |   0.0 | 107.7
       Dungeon | 100.0 | 100.0 |   0.0 |   0.0 |   0.0 | 107.7
               +-------+-------+-------+-------+-------+----------------------

Table legend:
 A = Kills in this place as a percentage of kills in entire the game.
 B = Kills by you in this place as a percentage of kills by you in the entire game.
 C = Kills by friends in this place as a percentage of kills by friends in the entire game.
 D = Other kills in this place as a percentage of other kills in the entire game.
 E = Experience gained in this place as a percentage of experience gained in the entire game.
 F = Experience gained in this place divided by the number of levels of this place that you have seen.
                   A       B       C       D       E      F
               +-------+-------+-------+-------+-------+----------------------
         Total | 100.0 | 100.0 |   N/A |   N/A | 100.0 |   5.3
       Dungeon | 100.0 | 100.0 |   N/A |   N/A | 100.0 |   5.3
               +-------+-------+-------+-------+-------+----------------------

Vault maps used:
D:1:      elethiomel_arrival_infinity_welcomes_careful_drivers
D:3:      overflow_temple_1_default, hangedman_feature_mirror,
          grunt_ministairs_8
